 Dungeon Crawl Stone Soup version 0.24.0-13-gcf9b319 (webtiles) character file.

Game seed: 4583688759283819607, levelgen mode: deterministic

511 Fortress the Skirmisher (level 6, -8/50 HPs)
             Began as a Demonspawn Abyssal Knight on Jan 14, 2020.
             Was a Believer of Lugonu.
             Killed by nerve-wracking pain
             ... invoked by an orc priest
              (12 damage)
             ... on level 6 of the Dungeon.
             The game lasted 00:20:55 (4667 turns).

Fortress the Skirmisher (Demonspawn Abyssal Knight) Turns: 4667, Time: 00:20:55

Health: -8/50      AC:  7    Str: 27    XL:     6   Next: 99%
Magic:  8/8        EV:  9    Int: 18    God:    Lugonu [**....]
Gold:   173        SH:  0    Dex: 13    Spells: 5/5 levels left

rFire    . . .     SeeInvis .   k - +1 falchion (protect)
rCold    . . .     Gourm    .   (no shield)
rNeg     . . .     Faith    .   o - +0 chain mail (curse)
rPois    +         Spirit   .   (helmet restricted)
rElec    +         Reflect  .   l - +0 cloak of Dyspraxia {*Corrode rElec rPois Str+9}
rCorr    .         Harm     .   (no gloves)
MR       .....                  (no boots)
Stlth    ..........             (no amulet)
HPRegen  0.16/turn              e - +4 ring of strength
MPRegen  0.11/turn              (no ring)

@: brilliant
A: antennae 1, claws 1, fangs 1, rugged brown scales 1, camouflage 1, deformed
body, poison resistance, powered by death 1
a: Depart the Abyss, Bend Space, Renounce Religion


You were on level 6 of the Dungeon.
You worshipped Lugonu.
Lugonu was pleased with you.
You were hungry.

You visited 1 branch of the dungeon, and saw 5 of its levels.
You visited the Abyss 1 time.

You collected 173 gold pieces.

Inventory:

Hand Weapons
 i - a +1 whip of flaming
 k - a +1 falchion of protection (weapon)
Missiles
 q - 3 poisoned darts (quivered)
 t - 7 silver javelins
Armour
 a - a +0 cloak
 l - the +0 cloak of Dyspraxia (worn) {*Corrode rElec rPois Str+9}
   (You found it on level 4 of the Dungeon)

   It affects your strength (+9).
   It insulates you from electricity.
   It protects you from poison.
   It may corrode you when you take damage.
 o - a cursed +0 chain mail (worn)
 p - a cursed +0 robe
Jewellery
 e - a +4 ring of strength (left claw)
 g - a +5 ring of protection {unknown}
 r - a +2 ring of intelligence
Scrolls
 b - a scroll of teleportation {unknown}
 d - 2 scrolls of remove curse {unknown}
 f - a scroll of fog {unknown}
 h - 2 scrolls of random uselessness {unknown}
 m - a scroll of identify {unknown}
 n - 2 scrolls of magic mapping {unknown}
 s - a scroll of noise {unknown}
 u - 2 scrolls of immolation {unknown}
Potions
 j - a potion of brilliance
 v - a potion of berserk rage {unknown}
Comestibles
 c - 6 rations


   Skills:
 + Level 4.4 Fighting
 + Level 4.4 Long Blades
 - Level 0.7 Maces & Flails
 + Level 4.2 Armour
 - Level 0.9 Dodging
 - Level 0.4 Stealth
 + Level 2.8 Invocations


You had 5 spell levels left.
You didn't know any spells.
Your spell library was empty.

Dungeon Overview and Level Annotations

Branches:
Dungeon (4/15)
 Temple: D:4-7

Altars:
Dithmenos
Kikubaaqudgha
Trog
Xom


Innate Abilities, Weirdness & Mutations

You have a pair of small antennae on your head.
You are partially covered in rugged brown scales. (AC +1, +3% HP)
You regenerate a little health from kills.
You have sharp fingernails.
You have very sharp teeth.
Your skin changes colour to match your surroundings (Stealth+).
Armour fits poorly on your strangely shaped body.
Your system is resistant to poisons. (rPois)


Message History

It was a potion of brilliance.
You feel clever all of a sudden. The orc wizard casts a spell at you.
The magic dart hits you but does no damage.
You closely miss the orc priest.
The orc priest hits you but does no damage.
Your chain mail prevents you from hitting the orc priest.
Your bite misses the orc priest.
The orc priest hits you but does no damage.
The orc wizard mumbles some strange words.
The orc wizard flickers and vanishes!
Deactivating autopickup; reactivate with Ctrl-A.
You hit the orc priest but do no damage.
Your weapon exudes an aura of protection.
The orc priest hits you but does no damage.
The orc priest looks encouraged for a moment.
You see here a ration.
The orc priest calls down the wrath of Beogh upon you.
Pain shoots through your body!
You die...

.........##
##.# #.# #o#
#.# #.# #%#
#.#.######.#
#.....@..o.#
.....#####..#
##. #.## #.#
... #.# ...
#.#


You could see an orc priest.

Vanquished Creatures
  An ogre (D:4)
  A centaur (D:4)
  An orc priest (D:3)
  3 worker ants (D:4)
  An orc wizard (D:3)
  8 gnolls
  4 adders
  An adder skeleton (D:4)
  2 worms (D:2)
  5 dart slugs
  5 leopard geckos
  13 orcs
  3 giant cockroaches
  8 goblins
  7 hobgoblins
  4 kobolds
  2 quokkas
  2 ball pythons
  6 bats
  6 frilled lizards
  10 rats
93 creatures vanquished.

Notes
Turn   | Place    | Note
-------+----------+-------------------------------------------
     0 | Abyss:1  | Fortress the Demonspawn Abyssal Knight began the quest for
                  | the Orb.
     0 | Abyss:1  | Reached XP level 1. HP: 18/18 MP: 2/2
   111 | Abyss:1  | Noticed a fire bat
   111 | Abyss:1  | Noticed a vampire bat
   113 | D:1      | Escaped the Abyss
   315 | D:1      | Gained mutation: You are partially covered in rugged brown
                  | scales. (AC +1, +3% HP) [demonic ancestry]
   315 | D:1      | Reached XP level 2. HP: 16/24 MP: 4/4
   975 | D:1      | Reached XP level 3. HP: 29/29 MP: 5/5
  1010 | D:1      | Reached * piety under Lugonu
  1685 | D:2      | Reached XP level 4. HP: 30/38 MP: 6/6
  1764 | D:2      | Found a faded altar of an unknown god.
  2778 | D:3      | Gained mutation: Your magical capacity is low. (-10% MP)
                  | [potion of mutation]
  2778 | D:3      | Gained mutation: You are resistant to electric shocks.
                  | (rElec) [potion of mutation]
  2778 | D:3      | Gained mutation: You can translocate small distances at
                  | will. [potion of mutation]
  2778 | D:3      | Gained mutation: Your muscles are strong. (Str +2) [potion
                  | of mutation]
  2790 | D:3      | Gained mutation: You have a pair of small antennae on your
                  | head. [demonic ancestry]
  2790 | D:3      | Reached XP level 5. HP: 4/43 MP: 6/6
  2803 | D:3      | HP: 3/64 [poisoned by an adder]
  3052 | D:3      | Lost mutation: Your magical capacity is low. (-10% MP)
                  | [potion of mutation]
  3052 | D:3      | Lost mutation: You can translocate small distances at will.
                  | [potion of mutation]
  3052 | D:3      | Lost mutation: Your muscles are strong. (Str +2) [potion of
                  | mutation]
  3052 | D:3      | Lost mutation: You are resistant to electric shocks.
                  | (rElec) [potion of mutation]
  3052 | D:3      | Gained mutation: Armour fits poorly on your strangely
                  | shaped body. [potion of mutation]
  3052 | D:3      | Gained mutation: Your magical capacity is low. (-10% MP)
                  | [potion of mutation]
  3052 | D:3      | Gained mutation: You have very sharp teeth. [potion of
                  | mutation]
  3053 | D:3      | Lost mutation: Your magical capacity is low. (-10% MP)
                  | [potion of mutation]
  3053 | D:3      | Gained mutation: Your system is resistant to poisons.
                  | (rPois) [potion of mutation]
  3053 | D:3      | Gained mutation: You have sharp fingernails. [potion of
                  | mutation]
  3053 | D:3      | Gained mutation: Your skin changes colour to match your
                  | surroundings (Stealth+). [potion of mutation]
  3089 | D:3      | Reached ** piety under Lugonu
  3494 | D:3      | HP: 1/43 [orc priest/divine providence (14)]
  4047 | D:4      | Got a steaming cloak
  4058 | D:4      | Identified the +0 cloak of Dyspraxia {*Corrode rElec rPois
                  | Str+9} (You found it on level 4 of the Dungeon)
  4116 | D:4      | Gained mutation: You regenerate a little health from kills.
                  | [demonic ancestry]
  4116 | D:4      | Reached XP level 6. HP: 49/49 MP: 8/8
  4317 | D:4      | Found a bloodstained altar of Trog.
  4317 | D:4      | Found an ancient bone altar of Kikubaaqudgha.
  4322 | D:4      | Found a faded altar of an unknown god.
  4324 | D:4      | Found a faded altar of an unknown god.
  4325 | D:4      | Found a shadowy altar of Dithmenos.
  4402 | D:4      | Found a shimmering altar of Xom.
  4631 | D:4      | You fall into a shaft and drop 2 floors!
  4667 | D:6      | Killed from afar by an orc priest

Levels and vault maps discovered:
D:1:      nicolae_arrival_memento_mori, layout_basic
D:2:      layout_loops_ring, first_ration, chequers_ecumenical_altar_island
D:3:      layout_loops_corners, minmay_misc_feat_nine_boxes
D:4:      cheibrodos_old_hovel, layout_rooms,
          chequers_temple_overflow_minitemple, st_stairs_12, tgw_xom
D:6:      layout_loops_ring, kennysheep_little_box, lemuel_crystal_altar,
          serial_shops, shop, eino_tiny_chamber, minmay_misc_feat_rugged,
          uniq_sigmund

Skill      XL: |  1  2  3  4  5  6 |
---------------+-------------------+-----
Long Blades    | 2 3 4 |  4.4
Armour         | 2 3 4 |  4.2
Fighting       | 4 |  4.4
Maces & Flails | |  0.7
Dodging        | |  0.9
Stealth        | |  0.4
Invocations    | |  2.8

Action                   |  1- 3 |  4- 6 || total
-------------------------+-------+-------++-------
Melee: Falchion          |    91 |   198 ||   289
       Whip              |       |    60 ||    60
       Bite              |       |    24 ||    24
Invok: Depart the Abyss  |     1 |       ||     1
       Bend Space        |       |     1 ||     1
  Use: Potion            |     1 |     7 ||     8
 Stab: Sleeping          |     1 |       ||     1
       Invisible         |       |     2 ||     2
  Eat: Chunk             |     1 |     4 ||     5
       Ration            |       |     2 ||     2
Armor: Leather armour    |     2 |       ||     2
       Scale mail        |    22 |     8 ||    30
       Chain mail        |       |   122 ||   122
       Skin              |       |     8 ||     8
Dodge: Dodged            |    57 |   102 ||   159
       Rpst.: Falchion   |    24 |    30 ||    54
